 Dungeon Crawl Stone Soup version 0.21.1-1-g345015fe64 (webtiles) character file.

79 Gargoyl the Skirmisher (level 4, -9/40 HPs)
             Began as a Centaur Abyssal Knight on May 18, 2018.
             Was a Believer of Lugonu.
             Mangled by Ingvold's ghost (12 damage)
             ... on level 3 of the Dungeon.
             The game lasted 00:04:22 (2179 turns).

Gargoyl the Skirmisher (Centaur Abyssal Knight)     Turns: 2179, Time: 00:04:23

Health: -9/40      AC:  8    Str: 15    XL:     4   Next: 16%
Magic:  5/5        EV:  2    Int: 11    God:    Lugonu [**....]
Gold:   209        SH:  0    Dex:  9    Spells: 3/3 levels left

rFire    . . .     SeeInvis .   a - +2 hand axe
rCold    . . .     Gourm    .   (no shield)
rNeg     . . .     Faith    .   e - +0 plate armour
rPois    .         Spirit   .   (no helmet)
rElec    .         Reflect  .   (no cloak)
rCorr    .         Harm     .   (no gloves)
MR       .....                  (no barding)
Stlth    ..........             (no amulet)
HPRegen  0.13/turn              (no ring)
MPRegen  0.09/turn              (no ring)

@: very quick
A: large, hooves 3, deformed body, speed 2, tough skin 3
a: Depart the Abyss, Bend Space, Renounce Religion


You were on level 3 of the Dungeon.
You worshipped Lugonu.
Lugonu was pleased with you.
You were not hungry.

You visited 1 branch of the dungeon, and saw 3 of its levels.
You visited the Abyss 1 time.

You collected 209 gold pieces.

Inventory:

Hand Weapons
 a - a +2 hand axe (weapon)
 f - a +2 antimagic hand axe
Missiles
 i - 2 tomahawks (quivered)
Armour
 b - a +0 leather armour
 e - a +0 plate armour (worn)
Jewellery
 k - an uncursed amulet of magic regeneration {unknown}
 m - a +5 ring of strength {unknown}
Wands
 n - a wand of iceblast (6)
Scrolls
 d - a scroll of remove curse
Potions
 g - a potion of magic {unknown}
 j - 2 potions of curing {unknown}
Comestibles
 c - 7 rations


   Skills:
 + Level 3.7 Fighting
 + Level 2.6 Axes
 * Level 2.0 Armour
 + Level 0.7 Dodging
 * Level 2.4 Invocations


You had 3 spell levels left.
You didn't know any spells.

Dungeon Overview and Level Annotations

Branches:
Dungeon (3/15)

Altars:
Elyvilon
Hepliaklqana
Vehumet
Xom

Annotations:
D:3 Ingvold's ghost, novice HOFi


Innate Abilities, Weirdness & Mutations

You have hooves in place of feet.
Armour fits poorly on your strangely shaped body.
You cover ground very quickly.
You have extremely tough skin. (AC +3)


Message History

You kill the goblin!
Lugonu accepts your kill.
You closely miss Ingvold's ghost. You kick Ingvold's ghost!
Ingvold's ghost is lightly damaged.
Ingvold's ghost completely misses you.
You hit Ingvold's ghost but do no damage.
Ingvold's ghost is lightly damaged.
Ingvold's ghost screams, "You will join me soon!"
Ingvold's ghost hits you! x2
Your plate armour prevents you from hitting Ingvold's ghost.
Ingvold's ghost is lightly damaged.
Ingvold's ghost hits you!
* * * LOW HITPOINT WARNING * * *
A hobgoblin comes into view. It is wielding a club.
The hobgoblin shouts!
You hit Ingvold's ghost but do no damage.
You kick Ingvold's ghost, but do no damage.
Ingvold's ghost is lightly damaged.
Ingvold's ghost hits you!
You die...

,**,8,,,** #......# *.#
,***,,,**###......###.#
,* ***** #............#
,* #............#
****** ,*******
#............#****,,,,*
,,,,,,,*
#.............,,,,,**,*
,,,,,,,*
######..#####********,*
,,,,,,,* #.>#
*,,,,,,,,,,,* ,,,,,,,*
##@# *,***********
,,,,,,,* ****#W# *,*
,,,,,,,* *,,,.w# *,*
,,,,,,,* *,,...#**,*
,,,,,,,*****,.....,,,*
,,,,,,,,,,,,.....#****
,,,,,,,,,,,......#
,,,,,,,,,,..g?...#
********,,,,,,,,,*


You could see a worm, Ingvold's ghost and a hobgoblin.

Vanquished Creatures
  An adder (D:2)
  An ooze (D:1)
  A dart slug (D:1)
  2 leopard geckos
  3 bats
  4 giant cockroaches
  9 goblins
  5 hobgoblins
  8 jackals (D:3)
  2 ball pythons (D:1)
  9 frilled lizards
  5 kobolds
  7 rats
57 creatures vanquished.

Vanquished Creatures (others)
  2 starspawn tentacles (Abyss:2)
2 creatures vanquished.

Grand Total: 59 creatures vanquished

Notes
Turn   | Place    | Note
-------+----------+-------------------------------------------
     0 | Abyss:1  | Gargoyl the Centaur Abyssal Knight began the quest for the Orb.
     0 | Abyss:1  | Reached XP level 1. HP: 19/19 MP: 2/2
    21 | Abyss:2  | Noticed a small abomination
   120 | Abyss:2  | Noticed a tentacled starspawn
   135 | Abyss:2  | Noticed a large abomination
   175 | Abyss:2  | Noticed a smoke demon
   220 | Abyss:2  | Found a viscous altar of Jiyva.
   229 | Abyss:2  | Noticed a smoke demon
   229 | D:1      | Escaped the Abyss
   514 | D:1      | Reached XP level 2. HP: 26/26 MP: 3/3
   518 | D:1      | Reached * piety under Lugonu
   820 | D:1      | Reached XP level 3. HP: 10/31 MP: 4/4
  1290 | D:2      | Found a white marble altar of Elyvilon.
  1338 | D:2      | Found a shimmering altar of Xom.
  1339 | D:2      | Found a hazy altar of Hepliaklqana.
  1340 | D:2      | Noticed a spectral ugly thing
  1584 | D:2      | Found a radiant altar of Vehumet.
  1829 | D:2      | Reached ** piety under Lugonu
  1897 | D:2      | Found a faded altar of an unknown god.
  2134 | D:3      | Reached XP level 4. HP: 40/40 MP: 5/5
  2166 | D:3      | Noticed Ingvold's ghost (novice HOFi)
  2179 | D:3      | Mangled by Ingvold's ghost

Skill      XL: |  1  2  3 |
---------------+----------+-----
Axes           | 2 |  2.6
Armour         | 2 |  2.0
Fighting       | |  3.7
Dodging        | |  0.7
Invocations    | |  2.4

Action                   |  1- 3 |  4- 6 || total
-------------------------+-------+-------++-------
Melee: Hand axe          |   135 |    19 ||   154
       Kick              |    18 |     5 ||    23
Invok: Depart the Abyss  |     1 |       ||     1
  Use: Scroll            |     9 |       ||     9
  Eat: Ration            |     1 |       ||     1
Armor: Plate armour      |   138 |    13 ||   151
Dodge: Dodged            |     7 |     3 ||    10
